Map: World of Sleepers LE

Players

DPGPartinG (PartinG) - Winner!

  • Race: Protoss Protoss
  • League: Master
  • Spawn Location: 7:00

ShoWTimE

  • Race: Protoss Protoss
  • League: Grandmaster
  • Spawn Location: 1:00

Event: HomeStory Cup XX

VOD

Have the link to the VOD?

Description

Time

  • Played on: Nov. 23, 2019, 5:28 a.m.
  • Length: 3:04

All games in this series

Show
View Real Time Build Order
Export as new Build Order

DPGPartinG Protoss - Winner!

Build Orders:  

Get SALT Encoding   

  12  0:00  Probe  
  13  0:12  Probe  
  14  0:24  Probe  
  15  0:40  Pylon  
  15  0:58  Gateway  
  15  0:59  Gateway  
  15  1:00  Forge  
  15  1:16  Pylon  
  15  1:35  Photon Cannon  
  15  1:37  Zealot, Photon Cannon  
  15  1:39  Zealot  
  15  1:42  Pylon  
  19  1:56  Zealot  
  19  2:05  Zealot  
  23  2:22  Photon Cannon  
  23  2:27  Photon Cannon  
  20  2:44  Photon Cannon  
  20  2:54  Photon Cannon  
Show
View Real Time Build Order
Export as new Build Order

ShoWTimE Protoss 

Build Orders:  

Get SALT Encoding   

  12  0:00  Probe  
  13  0:12  Probe  
  14  0:17  Pylon  
  14  0:24  Probe  
  15  0:32  Probe  
  15  0:36  Gateway  
  15  0:40  Probe  
  16  0:47  Assimilator  
  17  0:51  Probe  
  17  0:54  Assimilator  
  18  0:59  Probe  
  19  1:07  Probe, Gateway  
  19  1:17  Probe  
  20  1:23  Cybernetics Core  
  22  1:33  Pylon  
  21  1:59  Stalker  
  25  2:11  Shield Battery  
  25  2:18  Shield Battery  
  23  2:26  Shield Battery  
  19  2:52  Robotics Facility  
Tags
 
Add a new tag
Caveats
  • Supply blocks, unpowered buildings, or Contaminate may cause inaccurate times.
  • Supply counts are checked every 10 seconds.